TOP OF THE 1ST |
Pueblo Prairie Dogs batting - Pitching for Plymouth Cocks : RHP José García
|
Pitching: RHP José García
|
|
Batting: SHB José Flores
|
0-0: Ball 1-0: Ball 2-0: Ground out U3 (Groundball, 34)
|
Batting: RHB Carlos Villagrama
|
0-0: Called Strike 0-1: Swinging Strike 0-2: Fly out, F8 (Flyball, 8LM)
|
Batting: RHB Alan Evans
|
0-0: Called Strike 0-1: Swinging Strike 0-2: Ball 1-2: Strikes out swinging
|
Top of the 1st over - 0 run(s), 0 hit(s), 0 error(s), 0 left on base; Pueblo 0 - Plymouth 0 |
BOTTOM OF THE 1ST |
Plymouth Cocks batting - Pitching for Pueblo Prairie Dogs : LHP Patrick Carlson
|
Pitching: LHP Patrick Carlson
|
|
Batting: LHB Greg Sharpe
|
0-0: Called Strike 0-1: Fly out, F7 (Flyball, 7LDF)
|
Batting: RHB Jason Cook
|
0-0: Called Strike 0-1: Foul Ball, location: 2F 0-2: Strikes out looking
|
Batting: RHB Lorenzo Silva
|
0-0: SINGLE (Groundball, 5D)
|
Batting: RHB Sam Elder
|
0-0: Fielders Choice at 2nd, 6-4 (Groundball, 6)
|
Bottom of the 1st over - 0 run(s), 1 hit(s), 0 error(s), 0 left on base; Pueblo 0 - Plymouth 0 |
TOP OF THE 2ND |
Pueblo Prairie Dogs batting - Pitching for Plymouth Cocks : RHP José García
|
Batting: RHB Ánibal Barrios
|
0-0: Called Strike 0-1: Ball 1-1: Ball 2-1: Ball 3-1: Swinging Strike 3-2: Base on Balls
|
Batting: RHB Clancy Castro
|
0-0: Ball 1-0: Ball 2-0: Fly out, F9 (Flyball, 9LMF)
|
Batting: RHB Danny Boykins
|
0-0: Ball 1-0: Ball 2-0: Called Strike 2-1: Called Strike 2-2: Strikes out swinging
|
Batting: RHB José García
|
0-0: Called Strike 0-1: Foul Ball, location: 2F 0-2: Ball 1-2: Strikes out swinging
|
Top of the 2nd over - 0 run(s), 0 hit(s), 0 error(s), 1 left on base; Pueblo 0 - Plymouth 0 |
BOTTOM OF THE 2ND |
Plymouth Cocks batting - Pitching for Pueblo Prairie Dogs : LHP Patrick Carlson
|
Batting: RHB Jeffrey Barker
|
0-0: Ball 1-0: Foul Ball, location: 2F 1-1: Swinging Strike 1-2: Ground out 4-3 (Groundball, 4M)
|
Batting: LHB T.J. Richardson
|
0-0: Called Strike 0-1: Ball 1-1: Called Strike 1-2: Strikes out swinging
|
Batting: RHB Bart Wade
|
0-0: Ball 1-0: Ball 2-0: Foul Ball, location: 2F 2-1: Foul Ball, location: 2F 2-2: Ball 3-2: Strikes out swinging
|
Bottom of the 2nd over - 0 run(s), 0 hit(s), 0 error(s), 0 left on base; Pueblo 0 - Plymouth 0 |
TOP OF THE 3RD |
Pueblo Prairie Dogs batting - Pitching for Plymouth Cocks : RHP José García
|
Batting: LHB Patrick Carlson
|
0-0: Ball 1-0: Ball 2-0: Foul Ball, location: 2F 2-1: Ball 3-1: Base on Balls
|
Batting: LHB Salvatorio Navegero
|
0-0: Foul Ball, location: 2F 0-1: Swinging Strike 0-2: Ball 1-2: Strikes out looking
|
Batting: SHB José Flores
|
0-0: Called Strike 0-1: Ball 1-1: Ball 2-1: Fly out, F9 (Flyball, 89S)
|
Batting: RHB Carlos Villagrama
|
0-0: Ball 1-0: Swinging Strike 1-1: Called Strike 1-2: Ball 2-2: Hit by Pitch Patrick Carlson to second
|
Batting: RHB Alan Evans
|
0-0: Ball 1-0: Ball 2-0: Ball 3-0: Called Strike 3-1: Foul Ball, location: 2F 3-2: Strikes out swinging
|
Top of the 3rd over - 0 run(s), 0 hit(s), 0 error(s), 2 left on base; Pueblo 0 - Plymouth 0 |
BOTTOM OF THE 3RD |
Plymouth Cocks batting - Pitching for Pueblo Prairie Dogs : LHP Patrick Carlson
|
Batting: LHB Barry Pierce
|
0-0: Swinging Strike 0-1: Swinging Strike 0-2: Ball 1-2: Strikes out swinging
|
Batting: RHB John Gauthier
|
0-0: Called Strike 0-1: Ball 1-1: Called Strike 1-2: Strikes out looking
|
Batting: LHB Greg Sharpe
|
0-0: Called Strike 0-1: Ball 1-1: Foul Ball, location: 2F 1-2: Ball 2-2: Ball 3-2: Ground out 5-3 (Groundball, 5)
|
Bottom of the 3rd over - 0 run(s), 0 hit(s), 0 error(s), 0 left on base; Pueblo 0 - Plymouth 0 |
TOP OF THE 4TH |
Pueblo Prairie Dogs batting - Pitching for Plymouth Cocks : RHP José García
|
Batting: RHB Ánibal Barrios
|
0-0: Called Strike 0-1: Ball 1-1: Ball 2-1: Ball 3-1: Swinging Strike 3-2: Strikes out swinging
|
Batting: RHB Clancy Castro
|
0-0: Ball 1-0: SINGLE (Line Drive, 7LS)
|
Batting: RHB Danny Boykins
|
0-0: Ball 1-0: Fly out, F9 (Flyball, 9)
|
Batting: RHB José García
|
0-0: Called Strike 0-1: Swinging Strike 0-2: Ball 1-2: Ball 2-2: Strikes out swinging
|
Top of the 4th over - 0 run(s), 1 hit(s), 0 error(s), 1 left on base; Pueblo 0 - Plymouth 0 |
BOTTOM OF THE 4TH |
Plymouth Cocks batting - Pitching for Pueblo Prairie Dogs : LHP Patrick Carlson
|
Batting: RHB Jason Cook
|
0-0: Called Strike 0-1: Called Strike 0-2: Foul Ball, location: 2F 0-2: SINGLE (Groundball, 56S) (infield hit)
|
Batting: RHB Lorenzo Silva
|
0-0: Ball 1-0: Ball 2-0: Ball 3-0: Called Strike 3-1: Fly out, F5 (Popup, 5L)
|
Batting: RHB Sam Elder
|
0-0: DOUBLE (Line Drive, 8RXD) Jason Cook to third Runner from 3rd tries for Home, SAFE, no throw
|
Batting: RHB Jeffrey Barker
|
0-0: Swinging Strike 0-1: Ball 1-1: Ball 2-1: SINGLE (Flyball, 89S) Sam Elder to third
|
Batting: LHB T.J. Richardson
|
0-0: Ball 1-0: Ball 2-0: Ball 3-0: Called Strike 3-1: Base on Balls Jeffrey Barker to second
|
Batting: RHB Bart Wade
|
0-0: Fly out, F9 (Flyball, 9) Throwing error, E9 Sam Elder scores Jeffrey Barker to third T.J. Richardson to second
|
Batting: LHB Barry Pierce
|
0-0: Ball 1-0: Ball 2-0: Called Strike 2-1: Ball 3-1: Base on Balls
|
Batting: RHB John Gauthier
|
0-0: Fielders Choice at 2nd, 6-4 (Groundball, 6)
|
Bottom of the 4th over - 2 run(s), 3 hit(s), 1 error(s), 2 left on base; Pueblo 0 - Plymouth 2 |
TOP OF THE 5TH |
Pueblo Prairie Dogs batting - Pitching for Plymouth Cocks : RHP José García
|
Batting: LHB Patrick Carlson
|
0-0: Ball 1-0: Ground out 4-3 (Groundball, 4M)
|
Batting: LHB Salvatorio Navegero
|
0-0: Swinging Strike 0-1: Fly out, F4 (Line Drive, 4)
|
Batting: SHB José Flores
|
0-0: Swinging Strike 0-1: Ball 1-1: Ground out 3-1 (Groundball, 34)
|
Top of the 5th over - 0 run(s), 0 hit(s), 0 error(s), 0 left on base; Pueblo 0 - Plymouth 2 |
BOTTOM OF THE 5TH |
Plymouth Cocks batting - Pitching for Pueblo Prairie Dogs : LHP Patrick Carlson
|
Batting: LHB Greg Sharpe
|
0-0: Ball 1-0: Ball 2-0: Swinging Strike 2-1: Fly out, F7 (Flyball, 7LMF)
|
Batting: RHB Jason Cook
|
0-0: Called Strike 0-1: Ground out 4-3 (Groundball, 4)
|
Batting: RHB Lorenzo Silva
|
0-0: Called Strike 0-1: SINGLE (Groundball, 56) (infield hit)
|
Batting: RHB Sam Elder
|
0-0: Called Strike 0-1: Called Strike 0-2: Strikes out swinging
|
Bottom of the 5th over - 0 run(s), 1 hit(s), 0 error(s), 1 left on base; Pueblo 0 - Plymouth 2 |
TOP OF THE 6TH |
Pueblo Prairie Dogs batting - Pitching for Plymouth Cocks : RHP José García
|
Batting: RHB Carlos Villagrama
|
0-0: Ball 1-0: Called Strike 1-1: SINGLE (Groundball, 23) (infield hit)
|
Batting: RHB Alan Evans
|
0-0: Called Strike 0-1: Ball 1-1: SINGLE (Groundball, 6) (infield hit) Carlos Villagrama to second
|
Pitching: RHP Jorge Martínez
|
|
Batting: RHB Ánibal Barrios
|
0-0: Foul Ball, location: 2F 0-1: Ball 1-1: Swinging Strike 1-2: Ball 2-2: Grounds into double play, 6-4-3 (Groundball, 6) Carlos Villagrama to third
|
Batting: RHB Clancy Castro
|
0-0: Called Strike 0-1: Foul Ball, location: 2F 0-2: Ball 1-2: Strikes out swinging
|
Top of the 6th over - 0 run(s), 2 hit(s), 0 error(s), 1 left on base; Pueblo 0 - Plymouth 2 |
BOTTOM OF THE 6TH |
Plymouth Cocks batting - Pitching for Pueblo Prairie Dogs : LHP Patrick Carlson
|
Batting: RHB Jeffrey Barker
|
0-0: Fly out, F4 (Line Drive, 4)
|
Pitching: RHP Juan Guerrero
|
|
Batting: LHB T.J. Richardson
|
0-0: Foul Ball, location: 2F 0-1: Foul Ball, location: 2F 0-2: Strikes out looking
|
Batting: RHB Bart Wade
|
0-0: Called Strike 0-1: Foul Ball, location: 2F 0-2: Foul Ball, location: 2F 0-2: Foul Ball, location: 2F 0-2: SINGLE (Line Drive, 89S)
|
Batting: LHB Barry Pierce
|
0-0: Ball 1-0: Called Strike 1-1: Reached on error, E3 (Groundball, 3) Bart Wade to second
|
Batting: RHB John Gauthier
|
0-0: SINGLE (Line Drive, 89S) Bart Wade to third Barry Pierce to second Runner from 3rd tries for Home, SAFE, throw made at trailing runner, OUT at third!
|
Bottom of the 6th over - 1 run(s), 2 hit(s), 1 error(s), 1 left on base; Pueblo 0 - Plymouth 3 |
TOP OF THE 7TH |
Pueblo Prairie Dogs batting - Pitching for Plymouth Cocks : RHP Jorge Martínez
|
Batting: RHB Danny Boykins
|
0-0: Ball 1-0: Ball 2-0: Ball 3-0: Called Strike 3-1: SINGLE (Line Drive, 78S)
|
Batting: RHB José García
|
0-0: Called Strike 0-1: Foul Ball, location: 2F 0-2: Ball 1-2: Ball 2-2: Strikes out swinging
|
Batting: LHB Patrick Carlson
|
0-0: Swinging Strike 0-1: Fly out, F9 (Line Drive, 9S)
|
Batting: LHB Salvatorio Navegero
|
0-0: Foul Ball, location: 2F 0-1: Ball 1-1: Swinging Strike 1-2: Strikes out swinging
|
Top of the 7th over - 0 run(s), 1 hit(s), 0 error(s), 1 left on base; Pueblo 0 - Plymouth 3 |
BOTTOM OF THE 7TH |
Plymouth Cocks batting - Pitching for Pueblo Prairie Dogs : RHP Juan Guerrero
|
Batting: LHB Greg Sharpe
|
0-0: Ground out 4-3 (Groundball, 4)
|
Batting: RHB Jason Cook
|
0-0: Fly out, F9 (Flyball, 89S)
|
Batting: RHB Lorenzo Silva
|
0-0: Called Strike 0-1: Ball 1-1: Ball 2-1: Ball 3-1: Fly out, F7 (Line Drive, 7LM)
|
Bottom of the 7th over - 0 run(s), 0 hit(s), 0 error(s), 0 left on base; Pueblo 0 - Plymouth 3 |
TOP OF THE 8TH |
Pueblo Prairie Dogs batting - Pitching for Plymouth Cocks : RHP Jorge Martínez
|
Batting: SHB José Flores
|
0-0: Ball 1-0: Ground out 4-3 (Groundball, 4)
|
Batting: RHB Carlos Villagrama
|
0-0: Called Strike 0-1: Ball 1-1: SINGLE (Line Drive, 6)
|
Batting: RHB Alan Evans
|
0-0: Foul Ball, location: 2F 0-1: SINGLE (Flyball, 8RS) Carlos Villagrama to second Runner from 2nd tries for 3rd, SAFE, throw made to third Alan Evans to second
|
Batting: RHB Ánibal Barrios
|
0-0: Ball 1-0: Ground out U3 (Groundball, 3S)
|
Batting: RHB Clancy Castro
|
0-0: Called Strike 0-1: Ball 1-1: Ball 2-1: Foul Ball, location: 2F 2-2: Strikes out swinging
|
Top of the 8th over - 0 run(s), 2 hit(s), 0 error(s), 2 left on base; Pueblo 0 - Plymouth 3 |
BOTTOM OF THE 8TH |
Plymouth Cocks batting - Pitching for Pueblo Prairie Dogs : RHP Juan Guerrero
|
Batting: RHB Sam Elder
|
0-0: Ball 1-0: Ball 2-0: Ball 3-0: Called Strike 3-1: Reached on error, E5 (Groundball, 56S)
|
Pitching: LHP Shannon Thomas
|
|
Batting: RHB Jeffrey Barker
|
0-0: Ground out 3-1 (Groundball, 34) Sam Elder to third
|
Batting: LHB T.J. Richardson
|
0-0: Called Strike 0-1: Ball 1-1: SINGLE (Line Drive, 6D) Sam Elder scores
|
Batting: RHB Bart Wade
|
0-0: Called Strike 0-1: Ball 1-1: Ball 2-1: Fly out, F8 (Flyball, 8LS)
|
Batting: LHB Barry Pierce
|
0-0: Called Strike 0-1: Called Strike 0-2: SINGLE (Groundball, 3) (infield hit) T.J. Richardson to second
|
Batting: RHB John Gauthier
|
0-0: Foul Ball, location: 2F 0-1: Ball 1-1: Called Strike 1-2: Ball 2-2: Fly out, F7 (Flyball, 7LM)
|
Bottom of the 8th over - 1 run(s), 2 hit(s), 1 error(s), 2 left on base; Pueblo 0 - Plymouth 4 |
TOP OF THE 9TH |
Pueblo Prairie Dogs batting - Pitching for Plymouth Cocks : RHP Jorge Martínez
|
Pitching: LHP Mathew Bentley
|
|
Batting: RHB Danny Boykins
|
0-0: Called Strike 0-1: Ball 1-1: Ball 2-1: Fly out, F7 (Flyball, 7S)
|
Batting: RHB José García
|
0-0: Called Strike 0-1: SINGLE (Flyball, 9LM)
|
Batting: LHB Patrick Carlson
|
0-0: Fly out, F6 (Popup, 56D)
|
Batting: LHB Salvatorio Navegero
|
0-0: Called Strike 0-1: Ball 1-1: DOUBLE (Groundball, 5L) José García to third Runner from 3rd tries for Home, SAFE, no throw
|
Batting: SHB José Flores
|
0-0: Foul Ball, location: 2F 0-1: Called Strike 0-2: Reached on error, E6 (Groundball, 6) Salvatorio Navegero scores
|
Batting: RHB Carlos Villagrama
|
0-0: Swinging Strike 0-1: SINGLE (Groundball, 23) (infield hit) José Flores to third
|
Batting: RHB Alan Evans
|
0-0: Called Strike 0-1: Ground out 1-3 (Groundball, 13S)
|
Top of the 9th over - 2 run(s), 3 hit(s), 1 error(s), 2 left on base; Pueblo 2 - Plymouth 4 |
|